Map: Cyber Forest LE

Players

Tupac

  • Race: Terran Terran
  • League: Gold
  • Spawn Location: 11:00

TiPtOP - Winner!

  • Race: Terran Terran
  • League: Silver
  • Spawn Location: 5:00

VOD

Have the link to the VOD?

Description

Time

  • Played on: Aug. 19, 2019, 6:42 a.m.
  • Length: 17:05
Show
View Real Time Build Order
Export as new Build Order

Tupac Terran 

Build Orders: Liberator Opening, Mech 

Get SALT Encoding   

  12  0:00  SCV  
  13  0:13  SCV  
  14  0:17  Supply Depot  
  14  0:25  SCV  
  15  0:32  Refinery  
  15  0:39  SCV  
  16  0:46  Barracks  
  16  0:51  SCV  
  17  1:03  SCV  
  18  1:15  SCV  
  19  1:33  Orbital Command  
  19  1:34  Barracks Reactor  
  19  1:46  Command Center  
  19  1:58  Factory  
  19  2:05  Supply Depot  
  19  2:10  Marine x2  
  21  2:18  Refinery  
  21  2:30  SCV  
  21  2:31  Marine x2  
  24  2:42  SCV  
  24  2:43  Factory Tech Lab  
  25  2:48  Marine  
  25  2:49  Marine  
  27  2:52  Starport  
  27  2:55  SCV  
  28  3:00  Orbital Command  
  28  3:12  SCV  
  29  3:17  Siege Tank  
  29  3:18  Liberator  
  31  3:26  SCV x2  
  33  3:39  SCV  
  33  3:41  Supply Depot  
  37  3:47  SCV  
  37  3:48  Marine x2  
  38  3:51  SCV  
  38  3:54  Cyclone  
  44  4:04  Supply Depot  
  44  4:06  SCV x2  
  44  4:07  Marine x2  
  48  4:18  SCV  
  49  4:24  Marine x2  
  49  4:26  SCV  
  49  4:27  Cyclone  
  49  4:31  SCV  
  56  4:35  Mag-Field Accelerator  
  56  4:38  Starport Reactor  
  56  4:42  Marine x2, Supply Depot  
  56  4:44  SCV x2  
  60  5:01  SCV x2  
  60  5:06  Supply Depot  
  59  5:08  Marine  
  59  5:09  Marine  
  59  5:13  SCV  
  62  5:17  Barracks  
  62  5:19  Engineering Bay, Medivac x2  
  62  5:20  Engineering Bay, Barracks  
  66  5:25  Refinery, SCV  
  66  5:28  Refinery  
  67  5:32  SCV  
  67  5:34  Supply Depot  
  68  5:49  Command Center  
  68  5:55  Cyclone  
  71  6:00  Supply Depot  
  71  6:01  SCV x2, Marine  
  71  6:02  Marine  
  75  6:09  Missile Turret  
  75  6:17  Missile Turret, Terran Infantry Weapons Level 1  
  75  6:24  Missile Turret, Barracks Tech Lab x2  
  75  6:26  Terran Infantry Armor Level 1  
  75  6:42  Missile Turret  
  75  6:44  Missile Turret  
  75  6:45  Missile Turret  
  75  6:50  SCV x2  
  75  6:52  Viking  
  79  6:58  Combat Shield  
  79  6:59  Stimpack  
  79  7:03  Orbital Command  
  79  7:09  SCV x2, Marine x3  
  84  7:17  Cyclone  
  87  7:34  Factory  
  87  7:36  SCV  
  88  7:37  SCV x2, Marine x2  
  88  7:38  Marine x2  
  88  7:40  Factory  
  88  7:44  Viking  
  96  7:55  Marine  
  96  7:56  Marauder  
  99  7:58  Marine  
  99  7:59  Marine  
  101  8:06  Infernal Pre-Igniter  
  101  8:13  Marine  
  101  8:16  Marine  
  101  8:17  Marauder  
  105  8:20  Missile Turret, Armory  
  105  8:21  Armory  
  105  8:22  Supply Depot  
  105  8:24  Supply Depot  
  105  8:29  Factory Tech Lab x2  
  105  8:43  Concussive Shells  
  105  8:44  Marine x2  
  105  8:45  Marine x2  
  109  9:02  Marine x4, Medivac x2  
  117  9:12  Terran Vehicle Weapons Level 1  
  117  9:13  Terran Vehicle And Ship Armor Level 1  
  117  9:15  Starport  
  117  9:16  Terran Infantry Weapons Level 2  
  117  9:21  Marauder, Starport  
  119  9:32  Orbital Command  
  119  9:52  Command Center  
  119  9:55  Refinery  
  119  9:57  Refinery x2  
  119  9:58  Missile Turret, Refinery  
  119  10:00  Missile Turret  
  119  10:03  Missile Turret, SCV x3  
  122  10:08  Starport Tech Lab  
  122  10:10  Missile Turret  
  122  10:14  Terran Infantry Armor Level 2  
  122  10:15  SCV  
  122  10:17  Starport Tech Lab  
  122  10:18  Marine x3  
  122  10:19  Marauder  
  122  10:20  Missile Turret  
  128  10:35  SCV  
  128  10:36  SCV x2, Marauder  
  133  10:47  SCV  
  133  10:48  SCV  
  135  10:55  Thor  
  141  10:59  Rapid Reignition System  
  141  11:04  Thor x2  
  153  11:16  Marine x3  
  156  11:18  Command Center  
  156  11:30  Terran Ship Weapons Level 1  
  156  11:31  Terran Vehicle Weapons Level 2  
  156  11:46  Cloaking Field  
  156  11:58  Supply Depot  
  156  11:59  Supply Depot  
  156  12:00  Supply Depot  
  156  12:01  Planetary Fortress  
  156  12:06  Missile Turret  
  156  12:13  Terran Infantry Weapons Level 3  
  156  12:20  Siege Tank, SCV x3, Marauder  
  156  12:21  Viking, Widow Mine x2, Marauder  
  156  12:22  Viking x2  
  176  12:27  Missile Turret  
  176  12:40  Planetary Fortress  
  176  12:43  Widow Mine x2  
  180  12:56  SCV  
  181  13:06  SCV  
  181  13:07  SCV x2, Marine x3  
  181  13:08  Sensor Tower, SCV, Marine  
  189  13:18  SCV  
  189  13:19  SCV  
  191  13:20  SCV  
  191  13:25  Marine  
  191  13:26  Marauder x2  
  179  13:32  SCV  
  153  13:36  Missile Turret  
  153  13:37  Missile Turret  
  153  13:38  Missile Turret  
  153  13:41  Starport  
  128  13:43  Missile Turret  
  110  14:00  Marine x2  
  110  14:01  Marine x2  
  103  14:07  Liberator x2  
  101  14:18  Marine  
  101  14:19  Marauder, Starport Tech Lab  
  101  14:22  Banshee x2  
  113  14:25  Marine x2  
  118  14:36  Marine  
  112  14:40  Marine  
  112  14:43  Marine x2  
  93  14:49  Liberator  
  93  14:50  Liberator  
  89  14:54  Marine  
  89  14:58  Marine  
  86  15:01  Marine  
  86  15:02  Marauder  
  86  15:04  Banshee  
  86  15:05  Banshee  
  93  15:12  Marine  
  91  15:15  Marine  
  91  15:19  Marine  
  87  15:22  Marine  
  81  15:29  Marine  
  81  15:32  Liberator x2  
  81  15:34  Marauder  
  81  15:36  Marine  
  81  15:41  Marauder  
  75  15:47  Marine, Banshee x2  
  85  15:54  Marine  
  85  15:55  Marauder  
  90  16:02  Marauder  
  89  16:05  Marine  
  90  16:12  Marine  
  90  16:17  Marauder  
  93  16:23  Marine x2  
  95  16:30  Marine  
  98  16:37  Marine  
  91  16:41  Marine  
Show
View Real Time Build Order
Export as new Build Order

TiPtOP Terran - Winner!

Build Orders: Mech 

Get SALT Encoding   

  12  0:03  SCV  
  13  0:15  SCV  
  13  0:19  Supply Depot  
  14  0:29  SCV  
  15  0:41  SCV  
  16  0:44  Barracks  
  16  0:48  Refinery  
  16  0:54  SCV  
  17  1:06  SCV  
  18  1:18  SCV  
  19  1:27  Supply Depot  
  19  1:32  Orbital Command  
  19  1:44  Marine  
  20  1:54  Command Center  
  20  1:58  SCV  
  21  2:04  Barracks Tech Lab  
  21  2:22  Bunker  
  21  2:31  Factory  
  21  2:37  Refinery  
  21  2:43  SCV  
  22  2:53  Engineering Bay  
  22  3:15  Orbital Command  
  22  3:22  Missile Turret  
  22  3:25  Missile Turret  
  22  3:39  Siege Tank  
  25  3:42  SCV  
  26  4:01  SCV  
  26  4:02  SCV  
  28  4:13  SCV  
  28  4:14  SCV  
  30  4:18  Siege Tank  
  33  4:29  Factory x2  
  33  4:34  SCV x2  
  35  4:42  Refinery  
  35  4:47  SCV  
  35  4:48  Refinery  
  35  4:50  Siege Tank  
  39  4:56  SCV  
  39  4:59  SCV  
  40  5:08  SCV  
  40  5:11  SCV  
  42  5:15  Factory Reactor  
  42  5:16  Factory Tech Lab  
  42  5:20  SCV  
  43  5:23  SCV  
  44  5:40  Supply Depot  
  44  5:41  Armory  
  44  5:45  Supply Depot  
  44  5:46  Hellion  
  46  6:01  Siege Tank, SCV x2  
  51  6:04  Infernal Pre-Igniter  
  51  6:07  Hellion  
  51  6:10  Hellion x2  
  57  6:13  SCV  
  57  6:15  SCV  
  59  6:25  SCV  
  59  6:27  SCV  
  61  6:38  SCV, Command Center  
  62  6:40  Command Center, Terran Vehicle Weapons Level 1  
  62  6:47  Supply Depot  
  62  6:48  Supply Depot  
  62  6:51  Supply Depot x2  
  62  6:55  Supply Depot  
  62  6:56  Supply Depot x2  
  62  6:59  Supply Depot  
  62  7:09  Thor, SCV x2  
  62  7:10  Hellbat x3  
  76  7:25  Hellion x3  
  76  7:34  Smart Servos  
  76  7:37  Hellion x2  
  76  7:38  Thor  
  76  7:41  SCV x2  
  88  7:51  Thor  
  88  7:53  SCV  
  88  7:57  SCV  
  96  8:05  SCV  
  97  8:10  SCV  
  98  8:13  Armory  
  98  8:20  Thor  
  104  8:27  Orbital Command  
  104  8:30  SCV x2  
  106  8:34  Refinery  
  106  8:36  Missile Turret x2, Refinery  
  106  8:37  Thor  
  106  8:39  Orbital Command  
  112  8:42  SCV x2  
  114  8:54  Factory  
  114  8:55  Factory  
  114  8:57  Factory  
  114  9:04  Terran Vehicle And Ship Armor Level 1  
  114  9:05  Terran Vehicle Weapons Level 2  
  114  9:23  SCV x3  
  117  9:28  Thor x2  
  117  9:30  Hellion x2  
  133  9:51  Hellion  
  135  9:55  Supply Depot  
  135  9:56  Supply Depot  
  135  9:57  Supply Depot  
  135  9:58  Supply Depot x2  
  135  10:00  Supply Depot  
  135  10:03  Supply Depot  
  135  10:08  Orbital Command  
  135  10:15  Thor x2  
  135  10:17  Hellion  
  135  10:18  Hellion  
  151  10:22  Factory Tech Lab x2  
  151  10:23  Factory Reactor  
  151  10:39  Hellion  
  153  10:45  Thor  
  153  10:46  Thor  
  153  10:47  Hellion  
  167  10:57  Thor  
  167  10:58  Hellion  
  175  11:16  SCV x4  
  179  11:22  Refinery  
  179  11:27  Refinery  
  179  11:28  SCV  
  179  11:29  Missile Turret  
  179  11:31  Missile Turret  
  180  11:34  SCV  
  180  11:35  SCV x2  
  183  11:40  SCV  
  184  12:38  SCV x3  
  185  13:14  Thor x2  
  185  13:18  Terran Vehicle Weapons Level 3  
  185  13:21  Terran Vehicle And Ship Armor Level 2  
  167  13:33  Thor x2  
  159  13:35  Hellion x3  
  161  13:57  Thor  
  167  14:07  Thor  
  167  14:08  Hellion x2  
  167  14:09  Hellion x2  
  181  14:16  Thor x2  
  193  14:18  SCV x4  
  197  14:30  Hellion  
  199  14:40  Thor  
  193  14:50  Thor  
  199  14:59  Sensor Tower  
  197  15:01  Hellion  
  181  15:21  Missile Turret, Refinery  
  181  15:22  Refinery, Command Center  
  181  15:24  Missile Turret  
  181  15:26  Sensor Tower  
  175  15:48  Thor x3  
  175  15:49  Hellion x3  
Tags
 
Add a new tag
Caveats
  • Supply blocks, unpowered buildings, or Contaminate may cause inaccurate times.
  • Supply counts are checked every 10 seconds.